 Dungeon Crawl Stone Soup version 0.22-a0-348-gd16d139 (webtiles) character file.

13006 tilp the Impaler (level 12, -8/81 HPs)
             Began as a Merfolk Ice Elementalist on Apr 6, 2018.
             Was a Priest of Makhleb.
             Mangled by Snorg (21 damage)
             ... on level 10 of the Dungeon on Apr 7, 2018.
             The game lasted 00:57:23 (14983 turns).

tilp the Impaler (Merfolk Ice Elementalist)        Turns: 14983, Time: 00:57:24

Health: -8/81      AC:  9    Str:  8    XL:     12   Next: 1%
Magic:  13/16      EV: 21    Int: 18    God:    Makhleb [***...]
Gold:   215        SH:  0    Dex: 16    Spells: 9/15 levels left

rFire    x . .     SeeInvis .   S - +1 glaive (flame)
rCold    + . .     Gourm    .   (shield currently unavailable)
rNeg     + . .     Faith    .   H - +2 robe {rN+}
rPois    .         Spirit   .   Q - +1 helmet
rElec    .         Reflect  .   o - +0 cloak
rCorr    .         Harm     .   g - +1 pair of gloves
MR       .....                  (no boots)
Stlth    +++.......             (no amulet)
HPRegen  0.23/turn              a - +6 ring of evasion
MPRegen  0.15/turn              j - ring of ice

@: about to teleport
A: change form in water, swift swim, stealthy swim
a: Minor Destruction, Lesser Servant of Makhleb, Renounce Religion


You were on level 10 of the Dungeon.
You worshipped Makhleb.
Makhleb was most pleased with you.
You were not hungry.

You visited 2 branches of the dungeon, and saw 13 of its levels.
You also visited: Sewer.

You collected 514 gold pieces.
You spent 299 gold pieces at shops.

Inventory:

Hand Weapons
 S - a +1 glaive of flaming (weapon)
Missiles
 A - 16 tomahawks (quivered)
Armour
 g - a +1 pair of gloves (worn)
 o - a +0 cloak (worn)
 t - a +0 troll leather armour
 H - a +2 robe of positive energy (worn)
 O - a +1 robe of fire resistance
 Q - a +1 helmet (worn)
Magical Staves
 r - an uncursed staff of conjuration {unknown}
Jewellery
 a - a +6 ring of evasion (left hand)
 j - a ring of ice (right hand)
 C - an uncursed ring of flight
 E - an uncursed ring of see invisible
 L - an uncursed ring of resist corrosion {unknown}
 M - a +3 ring of intelligence {unknown}
Wands
 h - a wand of acid (16)
 s - a wand of paralysis (7)
 y - a wand of disintegration (22)
 K - a wand of digging (7)
Scrolls
 l - 4 scrolls of amnesia
 p - 5 scrolls of teleportation
 u - 2 scrolls of enchant weapon
 v - 2 scrolls of vulnerability {unknown}
 w - a scroll of fog
 z - 4 scrolls of remove curse
 N - a scroll of summoning
 R - a scroll of brand weapon {unknown}
Potions
 b - a potion of agility {unknown}
 d - 8 potions of curing
 e - 4 potions of brilliance
 f - a potion of mutation {unknown}
 i - a potion of cancellation {unknown}
 k - 2 potions of haste
 m - 2 potions of might
 q - a potion of lignification {unknown}
 x - a potion of degeneration {unknown}
 B - 2 potions of resistance {unknown}
 F - a potion of ambrosia {unknown}
 P - a potion of flight {unknown}
Comestibles
 c - 20 rations
 n - 3 chunks of flesh


   Skills:
 - Level 3.1 Fighting
 - Level 20.0 Polearms
 - Level 5.0 Dodging
 - Level 4.3 Stealth
 - Level 2.0 Spellcasting
 - Level 0.7 Conjurations
 + Level 7.1 Ice Magic
 - Level 6.0 Invocations
 - Level 4.0 Evocations


You had 9 spell levels left.
You knew the following spells:

 Your Spells              Type           Power        Failure   Level  Hunger
a - Freeze                Ice            ####         1%          1    #......
b - Throw Frost           Conj/Ice       ###...       5%          2    ###....
c - Ozocubu's Armour      Chrm/Ice       ###.....     12%         3    ###....


Dungeon Overview and Level Annotations

Branches:
Dungeon (12/15)            Temple (1/1) D:6
   Lair: D:8-11         Orc: D:9-12

Altars:
Cheibriados
Dithmenos
Gozag
Hepliaklqana
Kikubaaqudgha
Makhleb
Nemelex Xobeh
Okawaru
Qazlal
Sif Muna
Trog
Uskayaw
Zin

Shops:
D:7 %%   D:9 (((}

Annotations:
D:4 exclusion: 3 ogres, Sigmund
D:5 p0werm0de's ghost, amateur DDFi
D:6 2 transporters
D:10 Snorg
D:12 Gastronok


Message History

Unknown command.
You slash Snorg! You burn Snorg.
Snorg is severely wounded.
Snorg misses you. Snorg claws you!!
* * * LOW HITPOINT WARNING * * *
Snorg completely misses you.
Unknown command.
Your icy armour cracks and falls away as you move.
You feel much better.
Snorg closely misses you. x2; Snorg barely misses you.
Snorg completely misses you. Snorg claws you. x2
As you read the scroll of teleportation, it crumbles to dust.
You feel strangely unstable. Snorg barely misses you. Snorg misses you.
Snorg barely misses you.
Aiming: Disintegrate
Press: ? - help, Shift-Dir - straight line, f/p - Snorg
Aim: Snorg (severely wounded, berserk, fast, unusually strong, covered in acid, chance to defeat MR: 49%) Snorg is blasted.
Snorg misses you. Snorg claws you!
* * * LOW HITPOINT WARNING * * *
Snorg misses you. Snorg bites you!!
You die...

#.# ..
##.# #..
#.# #.#
#r# #T#
#@# #.#
#.# #.#
#.# #.#
#.####
#....#
########
####.#
#.......


You could see Snorg (berserk) and a river rat.

Vanquished Creatures
  Erolcha (D:9)
  A hydra (D:8)
  The ghost of Nib the Covert, a journeyman OpAs of Okawaru (D:10)
  3 two-headed ogres
  A manticore (D:10)
  Joseph (D:9)
  3 trolls
  A hippogriff (D:9)
  2 dream sheep (D:8)
  12 yaks
  Duvessa (D:5)
  A porcupine (D:10)
  3 orc warriors
  2 sky beasts
  3 black bears
  2 hornet zombies
  A phantom (D:10)
  3 ice beasts
  3 ogres
  8 centaurs
  A crocodile (D:7)
  7 big kobolds
  4 bullfrogs
  A gnoll sergeant (D:8)
  Dowan (D:5)
  A water moccasin skeleton (D:8)
  2 scorpions (D:7)
  9 wights (D:9)
  3 killer bees (D:8)
  4 howler monkeys
  6 crimson imps
  A bullfrog zombie (D:5)
  2 orc priests
  3 hounds
  4 bullfrog skeletons
  A centaur skeleton (D:6)
  9 orc wizards
  2 iguanas
  4 worker ants
  3 hell rats (D:10)
  A worker ant zombie (D:9)
  5 gnolls (D:8)
  A river rat (D:10)
  14 adders
  An adder zombie (D:9)
  An adder skeleton (D:6)
  4 worms (D:2)
  3 dart slugs
  4 leopard geckos
  27 orcs
  8 giant cockroaches
  7 goblins
  2 hobgoblins (D:1)
  7 jackals
  20 kobolds
  2 quokkas (D:3)
  3 ball pythons
  7 bats
  6 frilled lizards
  7 rats
251 creatures vanquished.

Vanquished Creatures (others)
  A fungus (Sewer)
  A plant (D:8)
2 creatures vanquished.

Grand Total: 253 creatures vanquished

Notes
Turn   | Place    | Note
-------+----------+-------------------------------------------
     0 | D:1      | tilp the Merfolk Ice Elementalist began the quest for the Orb.
     0 | D:1      | Reached XP level 1. HP: 13/13 MP: 3/3
   332 | D:1      | Reached XP level 2. HP: 17/19 MP: 3/5
   340 | D:1      | Learned a level 2 spell: Throw Frost
  1129 | D:2      | Reached XP level 3. HP: 18/24 MP: 3/6
  1134 | D:2      | Learned a level 3 spell: Ozocubu's Armour
  1716 | D:2      | Reached skill level 5 in Ice Magic
  1970 | D:2      | Reached XP level 4. HP: 30/30 MP: 5/7
  2219 | D:3      | Found a bloodstained altar of Trog.
  2566 | D:3      | Reached XP level 5. HP: 35/35 MP: 1/8
  2877 | D:4      | Found an iron altar of Okawaru.
  2878 | D:4      | Noticed an ogre
  3335 | D:4      | Noticed an ogre
  3401 | D:4      | Noticed an ogre
  3405 | D:4      | Noticed a phantom
  3510 | D:4      | Noticed Sigmund
  3554 | D:4      | Reached skill level 1 in Fighting
  3554 | D:4      | Reached XP level 6. HP: 29/43 MP: 7/9
  3755 | D:5      | Entered Level 5 of the Dungeon
  3776 | D:5      | Found a glowing drain.
  3841 | Sewer    | Entered a sewer
  4314 | Sewer    | Reached XP level 7. HP: 49/52 MP: 1/10
  4318 | Sewer    | Reached skill level 5 in Dodging
  4548 | D:5      | Found a hazy altar of Hepliaklqana.
  4681 | D:5      | Noticed Duvessa
  4684 | D:5      | Noticed Dowan
  4723 | D:5      | Killed Duvessa
  4850 | D:5      | Noticed p0werm0de's ghost (amateur DDFi)
  5396 | D:5      | Killed Dowan
  5592 | D:6      | Reached XP level 8. HP: 46/58 MP: 1/11
  5950 | D:6      | Reached skill level 1 in Polearms
  5980 | D:6      | Reached skill level 3 in Polearms
  6116 | D:6      | Reached skill level 4 in Polearms
  6153 | D:6      | Found a transporter.
  6179 | D:6      | Found a transporter.
  6503 | D:6      | Found a staircase to the Ecumenical Temple.
  6510 | Temple   | Entered the Ecumenical Temple
  6514 | Temple   | Became a worshipper of Makhleb the Destroyer
  6773 | D:7      | Reached skill level 5 in Polearms
  6849 | D:7      | Reached skill level 6 in Polearms
  7002 | D:7      | Noticed a two-headed ogre
  7101 | D:7      | Noticed a troll
  7142 | D:7      | Reached skill level 7 in Polearms
  7420 | D:7      | Found a stormy altar of Qazlal.
  7421 | D:7      | Noticed an air elemental
  7422 | D:7      | Noticed a water elemental
  7467 | D:7      | Reached skill level 8 in Polearms
  7538 | D:7      | Found Wemueteh's Food Boutique.
  7617 | D:7      | Reached skill level 9 in Polearms
  7722 | D:7      | Reached XP level 9. HP: 63/63 MP: 2/12
  7905 | D:7      | Reached * piety under Makhleb
  7905 | D:7      | Reached skill level 10 in Polearms
  8297 | D:7      | Killed a troll
  8297 | D:7      | Reached skill level 11 in Polearms
  8383 | D:7      | Found Keirph's Food Shoppe.
  8444 | D:7      | Killed a two-headed ogre
  8444 | D:7      | Reached skill level 13 in Polearms
  8655 | D:7      | Found a shadowy altar of Dithmenos.
  8843 | D:8      | Upgraded the game from 0.22-a0-346-ga714374 to 0.22-a0-348-gd16d139
  8862 | D:8      | Noticed a two-headed ogre
  8918 | D:8      | Noticed a two-headed ogre
  9565 | D:8      | Killed a two-headed ogre
  9565 | D:8      | Reached skill level 14 in Polearms
  9565 | D:8      | Reached XP level 10. HP: 61/70 MP: 0/13
  9926 | D:8      | Reached skill level 15 in Polearms
 11133 | D:8      | Reached ** piety under Makhleb
 11222 | D:8      | Noticed a three-headed hydra
 11271 | D:8      | Reached skill level 16 in Polearms
 11469 | D:8      | Killed a three-headed hydra
 11469 | D:8      | Reached skill level 17 in Polearms
 11768 | D:8      | Found an opulent altar of Gozag.
 11854 | D:9      | Found Yptoode's Gadget Emporium.
 11933 | D:9      | Reached XP level 11. HP: 71/75 MP: 8/14
 11982 | D:9      | You fall through a shaft for 3 floors!
 11988 | D:12     | Noticed Gastronok
 12103 | D:12     | Reached skill level 18 in Polearms
 12550 | D:10     | Entered Level 10 of the Dungeon
 12650 | D:10     | Killed a two-headed ogre
 12657 | D:10     | Noticed a manticore
 12669 | D:10     | Killed a manticore
 12669 | D:10     | Reached skill level 19 in Polearms
 12939 | D:10     | Noticed Nib's ghost (journeyman OpAs)
 13031 | D:9      | Noticed Erolcha
 13048 | D:9      | Killed Erolcha
 13268 | D:9      | Found a sparkling altar of Nemelex Xobeh.
 13277 | D:9      | Found Ukiusm Moela's Weapon Shoppe.
 13421 | D:9      | Reached *** piety under Makhleb
 13710 | D:9      | Found Coyrhom's Weapon Emporium.
 13713 | D:9      | Bought a +1 glaive of flaming for 299 gold pieces
 13732 | D:9      | Found Qurr's Antique Weapon Shoppe.
 13919 | D:9      | Reached skill level 20 in Polearms
 13962 | D:9      | Reached skill level 1 in Invocations
 14120 | D:9      | Noticed Joseph
 14122 | D:9      | Paralysed by Joseph for 5 turns
 14133 | D:9      | Killed Joseph
 14269 | D:9      | Found a glowing silver altar of Zin.
 14278 | D:9      | Found a hide-covered altar of Uskayaw.
 14467 | D:10     | Noticed Snorg
 14720 | D:10     | Killed Nib's ghost
 14720 | D:10     | Reached skill level 5 in Invocations
 14953 | D:10     | Reached XP level 12. HP: 81/81 MP: 12/16
 14983 | D:10     | Mangled by Snorg

Vault maps used:
D:1:      saegor_arrival_simple_c
D:3:      first_ration, bloody_trog
D:4:      okawaru_metal_pillars_3, uniq_sigmund
D:5:      kennysheep_mini, gup_sewer_entry_glass, uniq_duvessa
D:6:      gammafunk_steamed_eel, minmay_temple_entry_nine_rooms
D:7:      nicolae_qazlal_style_of_elements, lemuel_round_altar, serial_shops,
          shop_fountains, kennysheep_little_box
D:8:      grunt_gozag_statues, hangedman_ranch, amethyst_killhole
D:9:      nemelex_xobeh_ov_fountains_minmay, amethyst_overflow_temple_binary,
          serial_shops, shop, shop, shop, nicolae_shop_crystal, uniq_erolcha,
          uniq_joseph
D:10:     dpeg_lair_monsters, kennysheep_flooded_box, uniq_snorg
D:11:     minmay_ice_pillars, orc_0_dummy
D:12:     serial_shops, nicolae_shop_behind_doors, uniq_gastronok
Temple:   zaba_magenta_temple
Sewer:    kennysheep_pipe_town

Skill      XL: |  1  2  3  4  5  6  7  8  9 10 11 12 |
---------------+-------------------------------------+-----
Ice Magic      | 4 5 6 7 |  7.1
Fighting       | 1 3 |  3.1
Dodging        | 4 5 |  5.0
Evocations     | 4 |  4.0
Stealth        | 3 4 |  4.3
Polearms       | 9 14 17 20 | 20.0
Invocations    | 5 6 |  6.0
Spellcasting   | |  2.0
Conjurations   | |  0.7

Action                   |  1- 3 |  4- 6 |  7- 9 | 10-12 || total
-------------------------+-------+-------+-------+-------++-------
Melee: Short sword       |     2 |       |       |       ||     2
       Dagger            |    58 |    74 |   255 |    70 ||   457
       Glaive            |       |       |       |   388 ||   388
Throw: Tomahawk          |    12 |    28 |    22 |    13 ||    75
       Stone             |       |     4 |       |       ||     4
 Cast: Freeze            |    51 |    64 |   114 |    91 ||   320
       Ozocubu's Armour  |     4 |    17 |    29 |    46 ||    96
       Throw Frost       |       |     1 |    19 |    20 ||    40
Invok: Minor Destruction |       |       |       |     5 ||     5
Evoke: Wand              |       |     1 |     9 |     9 ||    19
  Use: Scroll            |       |    10 |     3 |     4 ||    17
       Potion            |       |       |     7 |     1 ||     8
 Stab: Sleeping          |     7 |     2 |     4 |     5 ||    18
       Distracted        |       |       |       |     1 ||     1
  Eat: Chunk             |     2 |     8 |    12 |    23 ||    45
       Ration            |     1 |     2 |     3 |     1 ||     7
Armor: Robe              |    17 |    45 |   103 |    94 ||   259
Dodge: Dodged            |    56 |    97 |   266 |   394 ||   813

Table legend:
 A = Spawn XP
 B = Non-spawn XP
 C = Spawn XP percentage of total XP
 D = Spawn monster count
 E = Non-spawn monster count
 F = Spawn count percentage of total count
 G = Total turns spent on level
                    A         B        C        D         E        F      G
               +---------+---------+-------+---------+---------+-------+---------
         Total |       0 |   18581 |   0.0 |       0 |     251 |   0.0 | 14983
               +---------+---------+-------+---------+---------+-------+---------
           D:1 |       0 |      31 |   0.0 |       0 |      18 |   0.0 |  1117
           D:2 |       0 |      67 |   0.0 |       0 |      18 |   0.0 |  1102
           D:3 |       0 |      90 |   0.0 |       0 |      14 |   0.0 |   663
           D:4 |       0 |     164 |   0.0 |       0 |      10 |   0.0 |  1044
           D:5 |       0 |     447 |   0.0 |       0 |       8 |   0.0 |   969
           D:6 |       0 |     426 |   0.0 |       0 |      12 |   0.0 |  1425
           D:7 |       0 |    2588 |   0.0 |       0 |      32 |   0.0 |  2257
           D:8 |       0 |    4825 |   0.0 |       0 |      51 |   0.0 |  2582
           D:9 |       0 |    4064 |   0.0 |       0 |      28 |   0.0 |  1543
          D:10 |       0 |    4281 |   0.0 |       0 |      22 |   0.0 |  1018
          D:11 |       0 |     257 |   0.0 |       0 |       3 |   0.0 |    83
          D:12 |       0 |     996 |   0.0 |       0 |      11 |   0.0 |   485
         Sewer |       0 |     345 |   0.0 |       0 |      24 |   0.0 |   686
               +---------+---------+-------+---------+---------+-------+---------
